 Dungeon Crawl Stone Soup version 0.23-a0-539-g3f6f39f (webtiles) character file.

119672 spacecwb the Warrior (level 16, -1/391 HPs)
             Began as a Minotaur Fighter on Dec 7, 2018.
             Was a Plaything of Xom.
             Slain by a shambling mangrove (7 damage)
             ... on level 4 of the Swamp.
             The game lasted 02:27:01 (33292 turns).

spacecwb the Warrior (Minotaur Fighter)            Turns: 33292, Time: 02:27:02

Health: -1/391     AC: 28    Str: 36    XL:     16   Next: 28%
Magic:  11/19      EV: -1    Int:  9    God:    Xom [....*.]
Gold:   1808       SH: 24    Dex: 29    Spells: 15/15 levels left

rFire    + . .     SeeInvis .   m - +2 flail (crush)
rCold    . . .     Gourm    .   W - +0 large shield
rNeg     + + +     Faith    .   (armour currently unavailable)
rPois    +         Spirit   .   (helmet unavailable)
rElec    .         Reflect  .   (cloak currently unavailable)
rCorr    .         Harm     .   (gloves currently unavailable)
MR       +....     NoTele   +   (boots currently unavailable)
Stlth    ..........             M - amulet of Vitality {Regen+ HP+15}
HPRegen  1.15/turn              l - ring "Ajell" {+Blink +Fly Str+5 Dex+6}
MPRegen  0.16/turn              Z - ring of protection from fire

@: agile, berserking, tree-form, grasped by roots, constricted, very quick
A: (retaliatory headbutt), repulsion field 1, agile 2, clever 2, mutation
resistance 2, sense surroundings 1, strong 1
a: Renounce Religion, Evoke Blink


You were on level 4 of the Swamp.
You worshipped Xom.
You were a beloved toy of Xom.
You were not hungry.
You were a tree.
You visited 4 branches of the dungeon, and saw 26 of its levels.

You collected 4159 gold pieces.
You spent 2351 gold pieces at shops.

Inventory:

Hand Weapons
 k - a +0 arbalest
 m - a +2 flail of crushing (weapon)
 t - a +1 battleaxe of electrocution
 z - a +2 mace of draining
Armour
 b - a +2 plate armour of cold resistance
 y - a +2 pair of boots of flying (melded)
 C - a scarf of spirit shield (melded)
 S - a +0 chain mail of poison resistance (melded)
 V - a +0 pair of gloves (melded)
 W - a +0 large shield (worn)
Jewellery
 g - an uncursed ring of fire
 j - the ring "Plog" {+Inv rPois Stlth+, unknown}
   (You found it on level 13 of the Dungeon)

   [ring of stealth]

   It protects you from poison.
   It lets you turn invisible.
   It makes you more stealthy.
 l - the ring "Ajell" (left branch) {+Blink +Fly Str+5 Dex+6}
   (You bought it in a shop on level 2 of the Orcish Mines)

   [ring of strength]

   It affects your strength (+5).
   It affects your dexterity (+6).
   It lets you fly.
   It lets you blink.
 A - an uncursed ring of positive energy
 B - an uncursed ring of ice
 F - an uncursed amulet of regeneration
 M - the amulet of Vitality (around neck) {Regen+ HP+15}
   (You found it on level 6 of the Lair of Beasts)

   [amulet of regeneration]

   It affects your health (+15).
   It increases your rate of regeneration.
 N - an uncursed ring of protection from magic
 O - the ring "Sujiopn" {rF+++ MP+9 Str-3}
   (Xom gifted it to you on level 5 of the Dungeon)

   [ring of magical power]

   It affects your strength (-3).
   It renders you almost immune to fire.
   It affects your magic capacity (+9).
 Z - a ring of protection from fire (right branch)
Wands
 c - a wand of clouds (4)
 h - a wand of disintegration (46)
 o - a wand of acid (9)
 D - a wand of random effects (42)
 E - a wand of iceblast (31)
 I - a wand of polymorph (7)
 J - a wand of enslavement (31)
 U - a wand of paralysis (5)
 X - a wand of flame (52)
Scrolls
 d - 4 scrolls of immolation
 i - 4 scrolls of magic mapping
 q - 8 scrolls of identify {@r1}
 r - 2 scrolls of noise
 s - 4 scrolls of random uselessness
 w - 2 scrolls of holy word
 L - 6 scrolls of amnesia
 Q - 3 scrolls of fog
 R - 17 scrolls of remove curse {@r2}
 Y - 2 scrolls of enchant armour
Potions
 e - 2 potions of lignification
 n - 6 potions of brilliance
 u - 2 potions of flight
 v - 5 potions of curing {@q1}
 G - 4 potions of agility
 H - 2 potions of magic
 K - a potion of degeneration
 P - 2 potions of mutation
Miscellaneous
 p - a box of beasts
 x - a lightning rod (4/4)
Comestibles
 f - 22 rations


   Skills:
 + Level 18.8 Fighting
 - Level 14.7(15.6) Axes
 + Level 9.6(13.2) Maces & Flails
 + Level 14.3 Armour
 + Level 6.6 Dodging
 * Level 15.4 Shields
 + Level 6.2 Evocations


You had 15 spell levels left.
You didn't know any spells.
Your spell library contained the following spells:

 Spells                   Type           Power        Failure   Level  Hunger
 Animate Skeleton         Necr           N/A          80%         1    ##.....
 Apportation              Tloc           #.....       80%         1    ##.....
 Confusing Touch          Hex            #.....       80%         1    ##.....
 Corona                   Hex            #......      80%         1    ##.....
 Shock                    Conj/Air       #...         80%         1    ##.....
 Summon Small Mammal      Summ           #...         80%         1    ##.....
 Ensorcelled Hibernation  Hex/Ice        #.....       91%         2    ###....
 Swiftness                Chrm/Air       #.......     91%         2    ###....
 Confuse                  Hex            #.......     99%         3    ####...
 Dazzling Spray           Conj/Hex       #.....       99%         3    ####...
 Gell's Gravitas          Tloc           #.........   99%         3    ####...
 Static Discharge         Conj/Air       #.......     99%         3    ####...
 Tukima's Dance           Hex            #.......     99%         3    ####...
 Airstrike                Air            #.........   100%        4    #####..
 Cause Fear               Hex            #.........   100%        4    #####..
 Petrify                  Tmut/Erth      #.......     100%        4    #####..
 Borgnjor's Vile Clutch   Necr/Erth      #.........   100%        5    ######.
 Lightning Bolt           Conj/Air       #.........   100%        5    ######.
 Metabolic Englaciation   Hex/Ice        #.........   100%        5    ######.
 Silence                  Hex/Air        #.........   100%        5    ######.
 Yara's Violent Unravell  Hex/Tmut       #.........   100%        5    ######.
 Darkness                 Hex            #.........   100%        6    #######
 Deflect Missiles         Chrm/Air       #.........   100%        6    #######
 Shadow Creatures         Summ           N/A          100%        6    #######
 Discord                  Hex            #.........   100%        8    #######


Dungeon Overview and Level Annotations

Branches:
Dungeon (14/15)            Temple (0/1) D:6            Lair (6/6) D:10
  Swamp (4/4) Lair:4       Spider (0/4) Lair:2        Slime (0/5) Lair:6
    Orc (2/2) D:9             Elf (0/3) Orc:2        Vaults (0/5) D:14

Altars:
Cheibriados
Dithmenos
Fedhas
Qazlal
Trog
Xom
Yredelemnul
Jiyva

Shops:
D:4 *   D:12 *   Orc:1 *   Orc:2 *=[%

Annotations:
D:3 exclusion: downstairs
D:4 exclusion: downstairs
D:5 exclusion: upstairs
D:7 exclusion: downstairs, Gastronok
D:9 exclusion: downstairs
D:10 exclusion: upstairs
Lair:3 Fannar


Innate Abilities, Weirdness & Mutations

((You reflexively headbutt those who attack you in melee.))
((You have a pair of large horns on your head.))
((You have a beak for a mouth.))
You are surrounded by a mild repulsion field. (EV +2)
((You are partially covered in yellow scales. (AC +2)))
You are very agile. (Dex +4)
Your mind is very acute. (Int +4)
((Your flesh is cold resistant. (rC+)))
You are somewhat resistant to both further mutation and mutation removal.
You passively map a small area around you.
((You are covered in fur. (AC +1)))
Your muscles are strong. (Str +2)
((You are occasionally teleported next to monsters.))


Message History

Your juvenile firebat beast's corpse disappears in a puff of smoke!
Cornered, the five-headed hydra turns to fight!
You hit the spriggan berserker.
The spriggan berserker is almost dead.
The death yak rages.
You block the death yak's attack.
The bog body points at you and mumbles some strange words.
You easily resist.
You block the shambling mangrove's attack.
You hear a roar! x2
Your shield prevents you from hitting the spriggan berserker.
The spriggan berserker is almost dead.
You block the spriggan berserker's attack.
You block the death yak's attack.
You barely miss the spriggan berserker.
The spriggan berserker is almost dead.
Roots burst forth from the earth!
The grasping roots grab you!
You die...
Xom bursts into laughter!

#≈≈†# n
#≈D##, *≈
#.≈.#≈ *
##≈≈# ,≈ *∆∆∆
#[≈## ≈#####D
#D.≈## ..≈≈♣/
#♣Y..≈##
≈≈DD≈**
♣Yif..≈#
#.≈.# * ≈
#≈♣nD≈##
#.≈≈# ,
##$φ$♣# #.≈.#
#####
♣♣?≈.♣♣♣♣♣♣
♣♣♣≈...≈.§♣♣≈
♣....≈≈≈(.♣..
♣♣!≈≈.≈≈.....
♣♣♣≈≈≈......
♣≈.≈..†§♣♣♣
*♣$≈.≈≈†≈♣ ♣


You could see a shambling mangrove, 2 death yaks, a five-headed hydra, 2 swamp
dragons, a spriggan berserker (berserk) and a bog body.

Vanquished Creatures
  2 thorn hunters
  An orc warlord (Orc:1)
  An emperor scorpion (Lair:5)
  An entropy weaver (Lair:6)
  Snorg (D:13)
  The ghost of Ufreff the Cruncher, a journeyman MiGl of Okawaru (D:13)
  The ghost of Ufreff the Cruncher, a journeyman MiGl of Okawaru (D:13)
  An ettin (Orc:1)
  13 hydras
  3 ghost crabs
  A shambling mangrove (Swamp:1)
  2 catoblepae (D:13)
  4 two-headed ogres
  A centaur warrior (D:13)
  A queen ant (Lair:5)
  9 alligators
  A death yak (Lair:4)
  A tengu warrior (D:13)
  3 orc high priests (Orc:2)
  Nergalle (D:10)
  A shadow wraith (D:14)
  A deep troll (D:14)
  4 unseen horrors
  7 swamp dragons
  A spriggan druid (Swamp:4)
  A wizard (D:14)
  4 harpies
  An orb spider (Lair:2)
  An orc knight (Orc:1)
  2 orc sorcerers
  A deep elf mage (D:12)
  A manticore (D:13)
  A wolf spider (Lair:2)
  3 ugly things
  An elephant (shapeshifter) (Lair:6)
  4 cyclopes
  20 elephants
  A guardian serpent (Lair:4)
  Maurice (D:10)
  5 centaur zombies
  An eye of devastation (D:10)
  3 black mambas
  A gargoyle (D:14)
  17 spiny frogs
  4 rime drakes
  8 komodo dragons
  3 tengu conjurers
  A troll (shapeshifter) (D:14)
  3 trolls
  3 polar bears (Lair:3)
  11 tyrant leeches
  7 hornets
  A snapping turtle (Lair:4)
  8 hippogriffs
  20 blink frogs
  15 slime creatures
  16 dream sheep
  11 bog bodies
  2 shadows
  6 spriggans
  35 yaks
  A tarantella (shapeshifter) (D:14)
  2 wyverns
  7 basilisks
  25 vampire mosquitoes
  4 hungry ghosts
  4 wargs
  5 soldier ants
  9 insubstantial wisps
  11 water moccasins
  An acid dragon (D:14)
  12 swamp worms
  24 orc warriors
  10 porcupines
  7 sky beasts
  11 swamp drakes
  8 ice beasts
  4 phantoms
  2 eyes of draining
  A hornet zombie (D:14)
  A necrophage (D:12)
  2 black bears
  12 wolves
  A boggart (D:8)
  9 ogres
  14 centaurs
  9 crocodiles
  18 bullfrogs
  2 big kobolds
  A gnoll sergeant (D:8)
  3 scorpions
  6 wights
  3 electric eels
  3 howler monkeys (D:12)
  13 crimson imps
  5 jellies
  2 bullfrog skeletons
  4 hounds
  43 orc wizards
  4 centaur skeletons
  40 orc priests
  Natasha (thrice) (D:3)
  2 iguanas
  15 worker ants
  2 killer bee zombies
  A hound zombie (D:7)
  A mummy (D:4)
  2 worker ant zombies (D:7)
  7 gnolls
  10 adders
  3 shadow imps
  2 white imps (D:12)
  6 oozes
  An adder skeleton (D:5)
  4 worms
  8 leopard geckos
  87 orcs
  5 giant cockroaches
  12 hobgoblins
  6 jackals
  18 kobolds
  7 quokkas
  A ball python (D:2)
  A bat (D:3)
  6 frilled lizards
  8 goblins
  A hobgoblin zombie (D:4)
  A jackal skeleton (D:4)
  2 kobold zombies (D:4)
  An orc zombie (D:4)
  A quokka zombie (D:6)
  6 rats
  2 briar patches
  2 fungi
  A withered plant (D:13)
864 creatures vanquished.

Vanquished Creatures (collateral kills)
  A two-headed ogre (D:9)
  The ghost of Moraplosh the Eclecticist, a journeyman DEWz of Vehumet (D:13)
  An orc high priest (Orc:2)
  A tyrant leech (Lair:5)
  A jumping spider (D:10)
  A dream sheep (Lair:4)
  An insubstantial wisp (Swamp:4)
  A swamp drake (Swamp:4)
  A black bear (D:6)
  An ice beast (D:10)
  A wolf (Lair:2)
  A scorpion (Lair:4)
  Ijyb (D:3)
  An iguana (D:8)
  A worker ant (Lair:6)
  A kobold (D:3)
16 creatures vanquished.

Vanquished Creatures (others)
  2 hornets
  A soldier ant (Lair:6)
  2 swamp drakes (Swamp:4)
  An orc (Orc:2)
  2 briar patches
  A bush (Lair:6)
  A fire vortex (D:12)
  9 fungi
  47 plants
  4 withered plants (D:13)
70 creatures vanquished.

Grand Total: 950 creatures vanquished

Notes
Turn   | Place    | Note
-------+----------+-------------------------------------------
     0 | D:1      | spacecwb the Minotaur Fighter began the quest for the Orb.
     0 | D:1      | Reached XP level 1. HP: 19/19 MP: 0/0
   152 | D:1      | Reached skill level 4 in Fighting
   156 | D:1      | Reached XP level 2. HP: 24/27 MP: 1/1
   597 | D:1      | Reached XP level 3. HP: 34/34 MP: 2/2
  1007 | D:2      | Reached skill level 5 in Fighting
  1191 | D:2      | Reached XP level 4. HP: 33/42 MP: 3/3
  1530 | D:2      | Found a shimmering altar of Xom.
  1597 | D:2      | Became a worshipper of Xom of Many Doors
  1768 | D:3      | Noticed Natasha
  1772 | D:3      | XOM: potion effect (haste)
  1776 | D:3      | Killed Natasha
  1795 | D:2      | Reached XP level 5. HP: 38/50 MP: 4/4
  1883 | D:3      | Reached skill level 6 in Fighting
  1913 | D:3      | XOM: silly message
  1940 | D:3      | Reached skill level 5 in Axes
  2133 | D:3      | XOM: god gift: scroll labeled XIUREFE YLEA {god gift}
  2144 | D:3      | XOM: scenery: create altars
  2162 | D:3      | Noticed Natasha
  2169 | D:3      | Killed Natasha
  2252 | D:3      | Noticed Ijyb
  2255 | D:3      | XOM: summons friendly ufetubus
  2255 | D:3      | Noticed Natasha
  2260 | D:3      | Killed Ijyb
  2260 | D:3      | Reached XP level 6. HP: 58/58 MP: 5/5
  2262 | D:3      | Killed Natasha
  2308 | D:3      | XOM: polymorph ufetubus -> quasit
  2548 | D:4      | Noticed a hippogriff
  2741 | D:4      | XOM: smoke on damage
  2767 | D:3      | XOM: summons friendly ufetubus
  2825 | D:3      | XOM: divination: detect items
  2955 | D:4      | Reached skill level 7 in Fighting
  3099 | D:4      | XOM: potion effect (agility)
  3245 | D:4      | XOM: summons friendly quasit
  3251 | D:4      | XOM: fog
  3252 | D:4      | XOM: mild Pois miscast
  3276 | D:3      | XOM: divination: magic mapping
  3285 | D:3      | Killed a hippogriff
  3285 | D:3      | Reached XP level 7. HP: 28/67 MP: 1/6
  3430 | D:3      | XOM: harmless Fire miscast
  3612 | D:4      | Found Oviuwnul's Mass Market.
  3638 | D:4      | Reached skill level 8 in Fighting
  3762 | D:4      | XOM: god gift: leather armour {god gift}
  3941 | D:4      | Found a stormy altar of Qazlal.
  3941 | D:4      | Found a shadowy altar of Dithmenos.
  4227 | D:5      | Entered Level 5 of the Dungeon
  4323 | D:4      | XOM: harmless Ice miscast
  4342 | D:5      | XOM: potion effect (haste)
  4679 | D:5      | Found a stormy altar of Qazlal.
  4680 | D:5      | Noticed a fire elemental
  4681 | D:5      | Noticed a water elemental
  4681 | D:5      | Noticed an air elemental
  4688 | D:5      | XOM: divination: detect creatures
  4691 | D:5      | Reached XP level 8. HP: 16/77 MP: 1/7
  4761 | D:5      | XOM: divination: detect items
  4878 | D:5      | Reached skill level 9 in Fighting
  4893 | D:5      | Found a snail-covered altar of Cheibriados.
  5018 | D:5      | XOM: noise
  5057 | D:5      | Found a bloodstained altar of Trog.
  5291 | D:5      | Reached skill level 10 in Fighting
  5333 | D:5      | XOM: 1-stop teleportation journey
  5340 | D:5      | XOM: god gift: brightly glowing amber ring {god gift}
  5345 | D:5      | Got a brightly glowing amber ring {god gift}
  5346 | D:5      | Identified the ring "Sujiopn" {rF+++ MP+9 Str-3} (Xom
                  | gifted it to you on level 5 of the Dungeon)
  5455 | D:5      | Found a basalt altar of Yredelemnul.
  5535 | D:6      | XOM: god gift: scroll labeled FOASTA INLA {god gift}
  5634 | D:6      | Found a staircase to the Ecumenical Temple.
  5674 | D:6      | XOM: summons 4 friendly demons
  5715 | D:6      | Reached skill level 10 in Axes
  5721 | D:6      | XOM: scenery: create altars
  5725 | D:6      | Reached XP level 9. HP: 80/86 MP: 6/8
  5893 | D:6      | XOM is BORED!
  5988 | D:6      | XOM: 1-stop teleportation journey
  6011 | D:6      | XOM: medium Fire miscast
  6196 | D:7      | XOM: summons friendly ufetubus
  6212 | D:7      | Reached skill level 11 in Fighting
  6310 | D:7      | XOM: god gift: 6 rations
  6371 | D:7      | XOM: confuse monster(s)
  6383 | D:7      | XOM: confusion
  6587 | D:7      | XOM: medium Pois miscast
  6590 | D:7      | XOM: divination: detect creatures
  6593 | D:7      | XOM: summons 2 hostile demons
  6602 | D:7      | XOM: scenery: create altars
  6818 | D:7      | Reached skill level 12 in Fighting
  6830 | D:7      | XOM: stat loss: -1 Int (4/5)
  6914 | D:7      | XOM: scenery: create altars
  7037 | D:8      | XOM: polymorph ice beast -> boggart
  7045 | D:8      | XOM: fog
  7090 | D:8      | XOM: scenery: create altars
  7203 | D:8      | XOM: give mutation
  7203 | D:8      | Gained mutation: You have a pair of large horns on your
                  | head. [Xom's grace]
  7205 | D:8      | XOM: enchant monster (good)
  7326 | D:8      | XOM: swap monsters
  7339 | D:8      | XOM: 1-stop teleportation journey
  7340 | D:8      | XOM: draining
  7363 | D:8      | Reached XP level 10. HP: 95/99 MP: 7/9
  7490 | D:8      | Noticed Gastronok
  7497 | D:8      | Noticed Gastronok
  7497 | D:8      | Gastronok changed into Gastronok the titan
  7497 | D:8      | XOM: polymorph Gastronok -> Gastronok the titan
  7499 | D:8      | XOM: summons 10 friendly demons
  7500 | D:8      | XOM: butterfly on damage
  7531 | D:8      | XOM: fog
  7535 | D:8      | XOM: scenery: create altars
  7768 | D:7      | XOM: scenery: create altars
  7953 | D:7      | XOM: cloud trail
  8073 | D:8      | XOM: scenery: 1 doors close
  8457 | D:8      | XOM: god gift: 57 gold pieces
  8476 | D:9      | XOM: give mutations
  8476 | D:9      | Gained mutation: You have very sharp teeth. [Xom's grace]
  8476 | D:9      | Gained mutation: Your muscles are strong. (Str +2) [Xom's
                  | grace]
  8476 | D:9      | Gained mutation: Your flesh is cold resistant. (rC+) [Xom's
                  | grace]
  8537 | D:9      | XOM: scenery: create altars
  8674 | D:9      | Found a staircase to the Orcish Mines.
  8674 | D:9      | XOM: 2-stop teleportation journey
  8738 | D:9      | XOM: cleaving
  8744 | D:9      | XOM: god gift: viscous cyan potion {god gift}
  8801 | D:9      | XOM: god gift: 4 rations
  9060 | D:9      | XOM: god gift: 40 gold pieces
  9131 | D:9      | XOM: cloud trail
  9200 | D:8      | XOM: god gift: 32 gold pieces
  9426 | D:9      | XOM: mild Hex miscast
  9540 | D:10     | Entered Level 10 of the Dungeon
  9543 | D:10     | Noticed Nergalle
  9607 | D:10     | Noticed a two-headed ogre
  9614 | D:9      | XOM: divination: detect creatures
  9617 | D:9      | XOM: divination: detect creatures
  9629 | D:9      | XOM: cleaving
  9637 | D:9      | XOM: cast spell 'Death Channel'
  9642 | D:9      | XOM: divination: detect creatures
  9645 | D:9      | XOM: polymorph yak -> jumping spider
  9647 | D:9      | XOM: noise
  9654 | D:9      | Killed a two-headed ogre
  9721 | D:10     | XOM: summons 4 friendly demons
  9916 | D:10     | XOM: confusion (+ monsters)
  9984 | D:10     | Reached skill level 13 in Fighting
 10016 | D:10     | XOM: chaos upgrade
 10077 | D:10     | XOM: mild Tloc miscast
 10084 | D:10     | Found a staircase to the Lair.
 10084 | D:10     | XOM: divination: detect creatures
 10168 | D:9      | XOM: cast spell 'Discord'
 10170 | D:9      | XOM: summons friendly ufetubus
 10178 | D:9      | Reached skill level 5 in Armour
 10178 | D:9      | XOM: divination: detect creatures
 10184 | D:9      | Reached skill level 5 in Shields
 10186 | D:9      | XOM: divination: magic mapping
 10260 | D:9      | XOM: stat loss: -1 Dex (11/12)
 10318 | D:10     | XOM: cloud trail
 10321 | D:10     | Killed an unseen horror
 10370 | D:10     | Killed Nergalle
 10418 | D:10     | XOM: harmless Ice miscast
 10451 | D:10     | Noticed Urug
 10543 | D:10     | Noticed Maurice
 10544 | D:10     | XOM: confusion (+ monsters)
 10545 | D:10     | Noticed a two-headed ogre
 10551 | D:10     | XOM: summons 7 friendly demons
 10556 | D:10     | XOM: enchant monster (good)
 10556 | D:10     | Reached XP level 11. HP: 107/107 MP: 10/10
 10557 | D:10     | XOM: enchant monster (good)
 10565 | D:10     | Killed Maurice
 10567 | D:10     | Killed a two-headed ogre
 10640 | D:10     | XOM: medium Air miscast
 10734 | D:10     | XOM: cloud trail
 10844 | D:10     | XOM: swap monsters
 10850 | D:10     | XOM: cast spell 'Summon Small Mammal'
 10855 | D:10     | Noticed Urug
 10855 | D:10     | Urug changed into Urug the eye of devastation
 10855 | D:10     | XOM: polymorph Urug -> Urug the eye of devastation
 10958 | D:10     | XOM: summons 4 hostile demons
 10994 | D:11     | Noticed a brown ugly thing
 11172 | Lair:1   | Entered Level 1 of the Lair of Beasts
 11183 | D:10     | Killed Urug the eye of devastation
 11273 | Lair:1   | Noticed a four-headed hydra
 11284 | Lair:1   | XOM: summons 3 hostile shadow creatures
 11342 | Lair:1   | Reached skill level 14 in Fighting
 11352 | Lair:1   | Lost mutation: You have very sharp teeth. [potion of
                  | mutation]
 11352 | Lair:1   | Lost mutation: Your muscles are strong. (Str +2) [potion of
                  | mutation]
 11352 | Lair:1   | Lost mutation: You have a pair of large horns on your head.
                  | [potion of mutation]
 11352 | Lair:1   | Lost mutation: Your flesh is cold resistant. (rC+) [potion
                  | of mutation]
 11352 | Lair:1   | Gained mutation: You are covered in fur. (AC +1) [potion of
                  | mutation]
 11352 | Lair:1   | Gained mutation: You have a pair of large horns on your
                  | head. [potion of mutation]
 11353 | Lair:1   | Lost mutation: You have a pair of large horns on your head.
                  | [potion of mutation]
 11353 | Lair:1   | Lost mutation: You are covered in fur. (AC +1) [potion of
                  | mutation]
 11353 | Lair:1   | Gained mutation: Scrolls take you a little longer to read.
                  | [potion of mutation]
 11353 | Lair:1   | Gained mutation: Your flesh is cold resistant. (rC+)
                  | [potion of mutation]
 11353 | Lair:1   | Gained mutation: You are partially covered in rugged brown
                  | scales. (AC +1, +3% HP) [potion of mutation]
 11353 | Lair:1   | Gained mutation: You are agile. (Dex +2) [potion of
                  | mutation]
 11391 | Lair:1   | Lost mutation: Your flesh is cold resistant. (rC+) [potion
                  | of mutation]
 11391 | Lair:1   | Gained mutation: You are covered in fur. (AC +1) [potion of
                  | mutation]
 11391 | Lair:1   | Gained mutation: You have a beak for a mouth. [potion of
                  | mutation]
 11442 | Lair:1   | XOM: scenery: create altars
 11509 | Lair:1   | Noticed an eight-headed hydra
 11519 | Lair:1   | XOM: enchant monster (good)
 11520 | Lair:1   | Killed an eight-headed hydra
 11539 | Lair:1   | XOM: medium Pois miscast
 11614 | Lair:1   | Killed a four-headed hydra
 12182 | Lair:2   | XOM: enchant monster (good)
 12214 | Lair:2   | Lost mutation: You are partially covered in rugged brown
                  | scales. (AC +1, +3% HP) [potion of mutation]
 12214 | Lair:2   | Lost mutation: Scrolls take you a little longer to read.
                  | [potion of mutation]
 12214 | Lair:2   | Gained mutation: You possess an exceptional clarity of
                  | mind. [potion of mutation]
 12214 | Lair:2   | Gained mutation: Your flesh is heat resistant. (rF+)
                  | [potion of mutation]
 12459 | Lair:2   | XOM: chaos cloud
 12594 | Lair:2   | XOM: scenery: create altars
 12601 | Lair:2   | Noticed an orb spider
 12601 | Lair:2   | a hippogriff changed into an orb spider
 12601 | Lair:2   | XOM: polymorph hippogriff -> orb spider
 12608 | Lair:2   | XOM: divination: detect items
 12614 | Lair:2   | XOM: summons friendly quasit
 12623 | Lair:2   | XOM: potion effect (brilliance)
 12624 | Lair:2   | XOM: enchant monster (good)
 12628 | Lair:2   | Killed an orb spider
 12713 | Lair:2   | XOM: summons 2 friendly demons
 12820 | Lair:2   | Reached XP level 12. HP: 118/118 MP: 11/11
 13010 | Lair:2   | Found a hole to the Spider Nest.
 13028 | Lair:2   | XOM: harmless Hex miscast
 13267 | Lair:2   | Reached skill level 15 in Fighting
 13494 | Lair:2   | XOM: mild Chrm miscast
 13715 | Lair:3   | XOM: 3-stop teleportation journey
 13716 | Lair:3   | Noticed Fannar
 13878 | Lair:3   | XOM: divination: magic mapping
 14372 | Lair:4   | XOM: polymorph komodo dragon -> guardian serpent
 14379 | Lair:4   | XOM: god gift: runed hunting sling {god gift}
 14458 | Lair:4   | Found a gate leading to a gauntlet.
 14558 | Lair:4   | Found a staircase to the Swamp.
 14634 | Lair:4   | XOM: summons 5 friendly demons
 14636 | Lair:4   | Reached skill level 1 in Maces & Flails
 14637 | Lair:4   | Reached skill level 10 in Shields
 14664 | Lair:4   | XOM: cast spell 'Summon Mana Viper'
 14759 | Lair:4   | Noticed a five-headed hydra
 14765 | Lair:4   | Killed a five-headed hydra
 14801 | Lair:4   | XOM: summons 4 hostile shadow creatures
 14806 | Lair:4   | XOM: harmless Pois miscast
 14829 | Lair:4   | XOM: blink monster(s)
 14832 | Lair:4   | XOM: stat loss: -1 Dex (14/15)
 14833 | Lair:4   | XOM: divine lightning
 14842 | Lair:4   | XOM: enchant monster (good)
 14851 | Lair:4   | XOM: god gift: chain mail {god gift}
 14852 | Lair:4   | XOM: scenery: create altars
 14960 | Lair:4   | XOM: harmless Pois miscast
 14977 | Lair:4   | XOM: give mutations
 14977 | Lair:4   | Gained mutation: You have a pair of large horns on your
                  | head. [Xom's grace]
 14977 | Lair:4   | Gained mutation: Your mind is acute. (Int +2) [Xom's grace]
 14977 | Lair:4   | Gained mutation: You expend magic power (3 MP) to
                  | strengthen your wands. [Xom's grace]
 14977 | Lair:4   | Gained mutation: You are somewhat resistant to further
                  | mutation. [Xom's grace]
 15013 | Lair:4   | Noticed a six-headed hydra
 15027 | Lair:4   | Killed a six-headed hydra
 15027 | Lair:4   | Reached skill level 16 in Fighting
 15046 | Lair:4   | XOM: give mutations
 15046 | Lair:4   | Lost mutation: Your flesh is heat resistant. (rF+) [Xom's
                  | mischief]
 15046 | Lair:4   | Lost mutation: You possess an exceptional clarity of mind.
                  | [Xom's mischief]
 15071 | Lair:4   | Noticed a six-headed hydra
 15092 | Lair:4   | Killed a six-headed hydra
 15308 | Lair:4   | Noticed a death yak
 15308 | Lair:4   | XOM: noise
 15324 | Lair:4   | Killed a death yak
 15325 | Lair:4   | XOM: enchant monster (bad)
 15328 | Lair:4   | Reached skill level 1 in Evocations
 15602 | Lair:5   | Reached XP level 13. HP: 127/128 MP: 12/12
 15639 | Lair:5   | XOM: noise
 15640 | Lair:5   | XOM: potion effect (haste)
 15650 | Lair:5   | XOM: harmless Chrm miscast
 15753 | Lair:5   | XOM: confusion (+ monsters)
 15759 | Lair:5   | XOM: enchant monster (good)
 15820 | Lair:5   | XOM: harmless Ice miscast
 15914 | Lair:4   | Reached skill level 10 in Armour
 16006 | Lair:5   | XOM: confusion (+ monsters)
 16009 | Lair:5   | XOM: swap monsters
 16017 | Lair:5   | XOM: 1-stop teleportation journey
 16174 | Lair:5   | XOM: draining
 16190 | Lair:5   | XOM: noise
 16287 | Lair:5   | XOM: silly message
 16533 | Lair:6   | Entered Level 6 of the Lair of Beasts
 16553 | Lair:5   | XOM: cleaving
 16557 | Lair:5   | XOM: harmless Conj miscast
 16558 | Lair:5   | XOM: polymorph elephant -> snapping turtle
 16601 | Lair:5   | XOM: harmless Conj miscast
 16606 | Lair:4   | XOM: potion effect (heal wounds)
 16613 | Lair:5   | XOM: fake destruction
 16616 | Lair:4   | XOM: enchant monster (good)
 16621 | Lair:4   | XOM: divine lightning
 16632 | Lair:4   | XOM: enchant monster (bad)
 16771 | Lair:5   | XOM: give mutations
 16771 | Lair:5   | Gained mutation: You are somewhat resistant to both further
                  | mutation and mutation removal. [Xom's grace]
 16771 | Lair:5   | Gained mutation: Your mind is very acute. (Int +4) [Xom's
                  | grace]
 16797 | Lair:6   | XOM: potion effect (invisibility)
 16813 | Lair:5   | XOM: noise
 16827 | Lair:5   | XOM: fog
 16935 | Lair:6   | XOM: summons 2 friendly demons
 17016 | Lair:5   | XOM: summons 4 friendly demons
 17178 | Lair:6   | XOM: smoke on damage
 17183 | Lair:6   | XOM: mild Summ miscast
 17205 | Lair:5   | XOM: enchant monster (good)
 17226 | Lair:5   | XOM: give mutations
 17226 | Lair:5   | Gained mutation: You are partially covered in yellow
                  | scales. (AC +2) [Xom's grace]
 17226 | Lair:5   | Gained mutation: Your muscles are strong. (Str +2) [Xom's
                  | grace]
 17226 | Lair:5   | Gained mutation: You are surrounded by a mild repulsion
                  | field. (EV +2) [Xom's grace]
 17226 | Lair:5   | Gained mutation: You are resistant to hostile enchantments.
                  | (MR+) [Xom's grace]
 17328 | Lair:5   | XOM: mild Tloc miscast
 17428 | Lair:6   | Found a staircase to the Slime Pits.
 17428 | Lair:6   | Found a viscous altar of Jiyva.
 17428 | Lair:6   | XOM: 3-stop teleportation journey
 17450 | Lair:6   | XOM: enchant monster (bad)
 17460 | Lair:6   | XOM: divination: detect items
 17473 | Lair:6   | Found the amulet of Vitality {Regen+ HP+15}
 17518 | Lair:6   | XOM: scenery: create altars
 17519 | Lair:6   | XOM: fog
 17626 | Lair:6   | Noticed an entropy weaver
 17718 | Lair:5   | XOM: destruction
 18498 | Lair:6   | XOM: summons friendly crimson imp
 18568 | Lair:6   | XOM: destruction
 18580 | Lair:6   | Killed an entropy weaver
 18580 | Lair:6   | Reached skill level 5 in Maces & Flails
 18614 | Lair:6   | XOM: cloud trail
 18668 | Lair:6   | XOM: summons 3 friendly demons
 18686 | Lair:6   | XOM: scenery: create altars
 18710 | Lair:6   | XOM: 3-stop teleportation journey
 18718 | Lair:6   | XOM: polymorph spiny frog -> wind drake
 18723 | Lair:6   | XOM: swap monsters
 18724 | Lair:6   | XOM: blink monster(s)
 18739 | Lair:6   | XOM: severe Hex miscast
 18741 | Lair:6   | XOM: harmless Tloc miscast
 18761 | Lair:6   | Paralysed by a floating eye for 4 turns
 18764 | Lair:6   | XOM: harmless Conj miscast
 18765 | Lair:6   | XOM: 1-stop teleportation journey
 18773 | Lair:6   | Gained mutation: You are occasionally teleported next to
                  | monsters. [mutagenic glow]
 18805 | Lair:6   | XOM: harmless Summ miscast
 18824 | Lair:6   | Noticed an entropy weaver
 18835 | Lair:6   | XOM: draining
 18851 | Lair:6   | XOM: noise
 18852 | Lair:6   | XOM: 5-stop teleportation journey
 18874 | Lair:6   | Lost mutation: You are agile. (Dex +2) [mutagenic glow]
 18934 | Lair:6   | XOM: blink monster(s)
 18941 | Lair:6   | Reached skill level 17 in Fighting
 18959 | Lair:6   | XOM: swap monsters
 18994 | Lair:5   | XOM: blink monster(s)
 19014 | Lair:6   | XOM: harmless Tmut miscast
 19034 | Lair:6   | XOM: stat loss: -1 Int (8/9)
 19040 | Lair:6   | Noticed an emperor scorpion
 19040 | Lair:6   | an entropy weaver changed into an emperor scorpion
 19040 | Lair:6   | XOM: polymorph entropy weaver -> emperor scorpion
 19047 | Lair:6   | XOM: summons 2 hostile demons
 19048 | Lair:6   | XOM: harmless Conj miscast
 19062 | Lair:6   | XOM: summons 6 hostile demons
 19185 | Lair:5   | XOM: medium Tmut miscast
 19211 | Lair:5   | XOM: harmless Chrm miscast
 19394 | Lair:6   | XOM: noise
 19399 | Lair:6   | XOM: enchant monster (bad)
 19444 | Lair:6   | Reached XP level 14. HP: 89/140 MP: 10/15
 19450 | Lair:6   | XOM: mild Hex miscast
 19513 | Lair:5   | XOM: give mutation
 19513 | Lair:5   | Lost mutation: You are resistant to hostile enchantments.
                  | (MR+) [Xom's mischief]
 19531 | Lair:5   | XOM: confusion (+ monsters)
 19535 | Lair:5   | HP: 6/155 [seven-headed hydra (5)]
 19714 | Lair:5   | XOM: torment (44/155 hp)
 19804 | Lair:5   | XOM: harmless Tmut miscast
 19807 | Lair:5   | XOM: mild Erth miscast
 19814 | Lair:5   | XOM: swap monsters
 19815 | Lair:5   | Killed an emperor scorpion
 19888 | Lair:5   | XOM: god gift: 880 gold pieces
 20063 | Lair:5   | XOM: 2-stop teleportation journey
 20158 | Lair:6   | XOM: scenery: create altars
 20211 | Lair:6   | XOM: polymorph spiny frog -> harpy
 20488 | D:8      | XOM: 1-stop teleportation journey
 20813 | D:8      | Found a shimmering altar of Xom.
 20930 | D:8      | XOM: cloud trail
 21226 | D:8      | Found a shimmering altar of Xom.
 21436 | D:7      | Found a shimmering altar of Xom.
 21436 | D:7      | Found a shimmering altar of Xom.
 21436 | D:7      | Found a shimmering altar of Xom.
 21441 | D:7      | Found a shimmering altar of Xom.
 21546 | D:7      | Found a shimmering altar of Xom.
 21548 | D:7      | Found a shimmering altar of Xom.
 21554 | D:7      | Found a shimmering altar of Xom.
 21554 | D:7      | Found a shimmering altar of Xom.
 21556 | D:7      | Found a shimmering altar of Xom.
 21556 | D:7      | Found a shimmering altar of Xom.
 21556 | D:7      | Found a shimmering altar of Xom.
 21588 | D:7      | Found a shimmering altar of Xom.
 21589 | D:7      | Found a shimmering altar of Xom.
 21589 | D:7      | Found a shimmering altar of Xom.
 21592 | D:7      | Found a shimmering altar of Xom.
 21654 | D:7      | Found a shimmering altar of Xom.
 21733 | D:8      | XOM: smoke on damage
 21747 | D:7      | XOM: summons 4 friendly demons
 21753 | D:7      | XOM: summons 14 friendly demons
 21799 | D:6      | XOM: cloud trail
 22016 | D:10     | XOM: give mutations
 22016 | D:10     | Gained mutation: You have large cloven feet. [Xom's grace]
 22016 | D:10     | Gained mutation: You passively map a small area around you.
                  | [Xom's grace]
 22040 | D:11     | XOM: 2-stop teleportation journey
 22087 | D:11     | XOM: divination: detect creatures
 22231 | D:11     | XOM: polymorph orc -> quokka
 22281 | D:11     | XOM: draining
 22409 | D:11     | XOM: 1-stop teleportation journey
 22733 | D:12     | XOM: enchant monster (bad)
 23178 | D:12     | XOM: mild Pois miscast
 23220 | D:12     | Found Dpuassis's Desiderata Depot.
 23226 | D:12     | XOM: enchant monster (bad)
 23333 | D:12     | XOM: enchant monster (good)
 23401 | D:12     | XOM: swap monsters
 23430 | D:12     | XOM: cleaving
 23444 | D:12     | XOM: divination: detect creatures
 23530 | D:12     | XOM: god gift: 4 rations
 23546 | D:12     | XOM: noise
 23579 | D:12     | XOM: give mutations
 23579 | D:12     | Lost mutation: You expend magic power (3 MP) to strengthen
                  | your wands. [Xom's mischief]
 23579 | D:12     | Lost mutation: You have large cloven feet. [Xom's mischief]
 23613 | D:12     | XOM: mild Fire miscast
 23960 | D:13     | XOM: summons 3 hostile demons
 23962 | D:13     | XOM: mild Conj miscast
 23964 | D:13     | XOM: noise
 23965 | D:13     | XOM: fog
 23972 | D:13     | XOM: summons 3 friendly demons
 24014 | D:13     | Found a runed gate.
 24014 | D:13     | Found a runed gate.
 24014 | D:13     | Found a runed gate.
 24065 | D:13     | Found a basalt altar of Yredelemnul.
 24240 | D:13     | XOM: blink monster(s)
 24326 | D:13     | XOM: god gift: scroll of immolation
 24341 | D:13     | XOM: confuse monster(s)
 24350 | D:13     | XOM: summons friendly white imp
 24356 | D:13     | XOM: confusion (+ monsters)
 24420 | D:13     | Noticed Snorg
 24430 | D:13     | XOM: enchant monster (bad)
 24433 | D:13     | XOM: harmless Pois miscast
 24434 | D:13     | XOM: divination: magic mapping
 24614 | D:13     | XOM: summons 2 friendly demons
 24615 | D:13     | XOM: potion effect (brilliance)
 24699 | D:13     | Noticed Ufreff's ghost (journeyman MiGl)
 24700 | D:13     | Noticed Moraplosh's ghost (journeyman DEWz)
 24704 | D:13     | Noticed Ufreff's ghost (journeyman MiGl)
 25250 | Lair:6   | XOM: divination: magic mapping
 25737 | Lair:6   | XOM: divination: magic mapping
 25887 | Orc:1    | Entered Level 1 of the Orcish Mines
 25912 | Orc:1    | Reached skill level 18 in Fighting
 26058 | Orc:1    | XOM: silly message
 26059 | Orc:2    | Entered Level 2 of the Orcish Mines
 26143 | Orc:2    | XOM: silly message
 26154 | Orc:2    | XOM: potion effect (agility)
 26161 | Orc:2    | XOM: potion effect (agility)
 26170 | Orc:2    | XOM: potion effect (brilliance)
 26315 | Orc:1    | Noticed an orc warlord
 26348 | Orc:2    | Found a staircase to the Elven Halls.
 26405 | Orc:2    | XOM: fog
 26686 | Orc:1    | Found Giwopp's Assorted Antiques.
 26710 | Orc:2    | XOM: summons friendly crimson imp
 26713 | Orc:1    | XOM: noise
 26834 | Orc:1    | Bought a potion of berserk rage for 145 gold pieces
 26932 | Orc:1    | Killed an orc warlord
 27070 | Orc:2    | XOM: silly message
 27089 | Orc:1    | Reached XP level 15. HP: 149/149 MP: 17/17
 27095 | Orc:2    | XOM: confuse monster(s)
 27100 | Orc:2    | XOM: polymorph neqoxec -> smoke demon
 27188 | Orc:2    | XOM: divination: detect creatures
 27190 | Orc:2    | XOM: harmless Conj miscast
 27368 | Orc:2    | XOM: cast spell 'Summon Dragon'
 27370 | Orc:2    | Reached skill level 1 in Dodging
 27712 | Orc:2    | XOM: smoke on damage
 27714 | Orc:2    | XOM: fog
 27955 | Orc:2    | Found Kulenax's Food Shoppe.
 27957 | Orc:2    | Found Isolir's Jewellery Emporium.
 27958 | Orc:2    | Found Feogohim's Assorted Antiques.
 27962 | Orc:2    | Found Vofeemm's Antique Armour Shoppe.
 27965 | Orc:2    | Bought a shiny plate armour for 910 gold pieces
 27977 | Orc:2    | Bought the ring "Ajell" {+Blink +Fly Str+5 Dex+6} for 908
                  | gold pieces
 28006 | Orc:2    | XOM: cloud trail
 28097 | D:9      | XOM: god gift: 520 gold pieces
 28148 | D:11     | XOM: give mutations
 28148 | D:11     | Gained mutation: Your flesh is cold resistant. (rC+) [Xom's
                  | grace]
 28148 | D:11     | Gained mutation: You are agile. (Dex +2) [Xom's grace]
 28148 | D:11     | Gained mutation: You are very agile. (Dex +4) [Xom's grace]
 28266 | D:13     | Killed Snorg
 28511 | D:13     | XOM: divination: magic mapping
 28512 | D:13     | XOM: cast spell 'Ring of Flames'
 28513 | D:13     | XOM: divine lightning
 28666 | D:13     | XOM: cleaving
 28675 | D:13     | XOM: fog
 28678 | D:13     | XOM: enchant monster (good)
 28685 | D:13     | Killed Ufreff's ghost
 28687 | D:13     | Killed Moraplosh's ghost
 28702 | D:13     | Got a warped silver ring
 28724 | D:13     | Killed Ufreff's ghost
 29102 | D:14     | Found a blossoming altar of Fedhas.
 29254 | D:14     | XOM: cast spell 'Monstrous Menagerie'
 29357 | D:14     | Reached skill level 5 in Evocations
 29384 | D:14     | Found a gate to the Vaults.
 29576 | Swamp:1  | Entered Level 1 of the Swamp
 29705 | Swamp:1  | Noticed a thorn hunter
 29718 | Swamp:1  | XOM: harmless Conj miscast
 29731 | Lair:4   | XOM: god gift: 29 gold pieces
 29743 | Lair:4   | XOM: harmless Tmut miscast
 30111 | Orc:2    | Bought a potion of curing for 111 gold pieces
 30111 | Orc:2    | Bought a pair of embroidered boots for 277 gold pieces
 30394 | Swamp:1  | XOM: confusion (+ monsters)
 30403 | Lair:4   | XOM: swap monsters
 30410 | Lair:4   | XOM: noise
 30414 | Lair:4   | XOM: mild Erth miscast
 30425 | Lair:4   | XOM: potion effect (might)
 30429 | Lair:4   | Killed a thorn hunter
 30552 | Swamp:1  | XOM: potion effect (might)
 30614 | Swamp:1  | XOM: silly message
 30726 | Swamp:1  | XOM: potion effect (might)
 30809 | Swamp:1  | Reached skill level 5 in Dodging
 30811 | Swamp:1  | XOM: cast spell 'Olgreb's Toxic Radiance'
 30837 | Swamp:1  | XOM: potion effect (agility)
 30931 | Swamp:1  | XOM: divination: detect items
 30966 | Swamp:1  | XOM: harmless Pois miscast
 31210 | Swamp:2  | XOM: potion effect (haste)
 31375 | Swamp:2  | XOM: swap monsters
 31458 | Swamp:2  | XOM: fog
 31465 | Swamp:2  | XOM: harmless Chrm miscast
 32035 | Swamp:3  | XOM: mild Fire miscast
 32110 | Swamp:3  | XOM: noise
 32123 | Swamp:3  | XOM: noise
 32363 | Swamp:3  | Reached skill level 15 in Shields
 32369 | Swamp:3  | Reached XP level 16. HP: 138/159 MP: 14/19
 32565 | Swamp:3  | XOM: silly message
 32748 | Swamp:4  | Entered Level 4 of the Swamp
 32829 | Swamp:4  | XOM: harmless Chrm miscast
 32842 | Swamp:4  | XOM: cast spell 'Alistair's Intoxication'
 32855 | Swamp:4  | XOM: cast spell 'Metabolic Englaciation'
 32856 | Swamp:4  | Noticed a thorn hunter
 32866 | Swamp:4  | XOM: cast spell 'Summon Mana Viper'
 32871 | Swamp:4  | Killed a thorn hunter
 32874 | Swamp:4  | XOM: divination: detect items
 32942 | Swamp:4  | XOM: confuse monster(s)
 32944 | Swamp:4  | XOM: cast spell 'Cause Fear'
 32956 | Swamp:4  | XOM: confusion (+ monsters)
 32979 | Swamp:3  | XOM: harmless Conj miscast
 33061 | Swamp:3  | XOM: mild Erth miscast
 33232 | Swamp:4  | XOM: divine lightning
 33253 | Swamp:4  | XOM: confuse monster(s)
 33281 | Swamp:4  | XOM: summons 2 friendly demons
 33288 | Swamp:4  | HP: 12/391 [spriggan berserker/+0 war axe (26)]
 33288 | Swamp:4  | HP: 4/391 [shambling mangrove (8)]
 33292 | Swamp:4  | Slain by a shambling mangrove

Vault maps used:
D:1:      grunt_arrival_lava_bath, minivault_23
D:2:      marbit_many_paths
D:3:      uniq_ijyb, uniq_natasha
D:4:      lemuel_upstairs_altar, gammafunk_temple_overflow_wave, abandoned_shop,
          minmay_shop_mass, minmay_misc_feat_tiny, minmay_mini_ossuary
D:5:      kennysheep_little_box, nicolae_overflow_hidden_temple, bloody_trog,
          first_ration, serial_bayou, serial_bayou_pond_b, serial_bayou_pond_b,
          serial_bayou_ford_a, serial_bayou_lagoon_a,
          nicolae_qazlal_style_of_elements
D:6:      minmay_temple_entry_from_below_b
D:8:      uniq_gastronok
D:9:      orc_0_dummy
D:10:     erik_lair_orcish_takeover, hangedman_little_slice_of_home,
          uniq_maurice, uniq_urug, uniq_nergalle
D:11:     portal_ice_cave_rime
D:12:     nicolae_alphabet_shops, minmay_nine_imps
D:13:     gammafunk_ghost_cemetery, basic_altar, argonaut_gorgonesque,
          uniq_snorg
D:14:     david_vaults_4, skrybe_limestone_x, kennysheep_decorative_pillar,
          dk_noncrumbling_3, fedhas_altar_1
Lair:1:   grunt_megastairs_5
Lair:2:   spider_nest_entry_rubble
Lair:3:   cheibrodos_lair_lostbears, uniq_fannar
Lair:4:   swamp_mist_pool, gauntlet_entry_generic, minivault_19,
          hangedman_lair_unloving_vines, chequers_serial_rivers_micro_e,
          grunt_forest_large_clearing_hut
Lair:5:   infiniplex_staircase_pool_2
Lair:6:   minmay_lair_end_frog_pond, slime_altar_1, wad_woods_antlair
Swamp:1:  evilmike_swamp_ruin_house_3, infiniplex_staircase_pool
Swamp:2:  evilmike_swamp_ruin_house_5
Swamp:3:  serial_swamp_ruin, evilmike_swamp_ruin_rubble_1,
          evilmike_swamp_ruin_rubble_2
Swamp:4:  swamp_basic_johnstein
Orc:1:    serial_shops, nicolae_shop_overgrown_old_shop
Orc:2:    st_orc_mages, nicolae_orc_flooded_monolith

Skill      XL: |  1  2  3  4  5  6  7  8  9 10 11 12 13 14 15 16 |
---------------+-------------------------------------------------+-----
Fighting       | 4 5 6 7 8 10 12 13 14 16 17 18 | 18.8
Axes           | 3 4 5 6 8 10 12 13 14 | 14.7
Armour         | 5 7 9 11 13 14 | 14.3
Shields        | 5 8 10 12 14 15 | 15.4
Maces & Flails | 3 5 7 9 |  9.6
Evocations     | 1 3 4 5 6 |  6.2
Dodging        | 6 |  6.6

Action                   |  1- 3 |  4- 6 |  7- 9 | 10-12 | 13-15 | 16-18 || total
-------------------------+-------+-------+-------+-------+-------+-------++-------
Melee: War axe           |    87 |    98 |       |       |       |       ||   185
       Headbutt          |    13 |    16 |    72 |   186 |   548 |    54 ||   889
       Flail             |       |    46 |   361 |   741 |  1739 |   142 ||  3029
       Bite              |       |       |       |    34 |       |       ||    34
       Peck              |       |       |       |   126 |   501 |    55 ||   682
       Kick              |       |       |       |       |    88 |       ||    88
       Mace              |       |       |       |       |    33 |       ||    33
Evoke: Wand              |       |       |       |       |     9 |       ||     9
       Lightning rod     |       |       |       |       |     1 |       ||     1
       Box of beasts     |       |       |       |       |       |     1 ||     1
  Use: Scroll            |       |     8 |     6 |    17 |    19 |     1 ||    51
       Potion            |       |     2 |     6 |     8 |    20 |     5 ||    41
 Stab: Confused          |       |       |     1 |       |     2 |     2 ||     5
       Paralysed         |       |       |       |     3 |       |       ||     3
       Invisible         |       |       |       |       |     8 |       ||     8
       Petrified         |       |       |       |       |     2 |       ||     2
  Eat: Chunk             |     1 |     7 |    14 |    12 |    25 |     2 ||    61
       Ration            |       |       |     2 |     7 |     9 |     1 ||    19
Armor: Scale mail        |    44 |    80 |    58 |       |       |       ||   182
       Plate armour      |       |       |   213 |   409 |   794 |       ||  1416
       Chain mail        |       |       |       |       |    77 |    65 ||   142
       Skin              |       |       |       |       |       |    20 ||    20
Dodge: Dodged            |    16 |    43 |    65 |    72 |   410 |    69 ||   675
Block: Shield            |    39 |    96 |    70 |       |       |       ||   205
       Large shield      |       |       |   166 |   691 |  2117 |   227 ||  3201

Table legend:
 A = Non-vault XP
 B = Vault XP
 C = Vault XP percentage of total XP
 D = Non-vault monster count
 E = Vault monster count
 F = Vault count percentage of total count
                 A         B        C        D         E       F
            +---------+---------+-------+---------+---------+-------
      Total |  128283 |   42677 |  25.0 |     692 |     186 |  21.2
            +---------+---------+-------+---------+---------+-------
        D:1 |      65 |       0 |   0.0 |      23 |       0 |   0.0
        D:2 |     108 |       2 |   1.8 |      27 |       1 |   3.6
        D:3 |     547 |      66 |  10.8 |      36 |       2 |   5.3
        D:4 |     505 |      22 |   4.2 |      21 |       5 |  19.2
        D:5 |     906 |     182 |  16.7 |      25 |       4 |  13.8
        D:6 |     692 |       0 |   0.0 |      14 |       0 |   0.0
        D:7 |    1659 |       0 |   0.0 |      25 |       0 |   0.0
        D:8 |    1238 |       0 |   0.0 |      22 |       0 |   0.0
        D:9 |    2338 |     586 |  20.0 |      23 |       7 |  23.3
       D:10 |    3288 |    1865 |  36.2 |      27 |      12 |  30.8
       D:11 |    4938 |     364 |   6.9 |      29 |       1 |   3.3
       D:12 |    6608 |     735 |  10.0 |      32 |      10 |  23.8
       D:13 |    7960 |    7011 |  46.8 |      24 |      11 |  31.4
       D:14 |    5665 |    2524 |  30.8 |      29 |       4 |  12.1
     Lair:1 |    4644 |     149 |   3.1 |      16 |       1 |   5.9
     Lair:2 |    5091 |     542 |   9.6 |      23 |       1 |   4.2
     Lair:3 |    2165 |     896 |  29.3 |       9 |       3 |  25.0
     Lair:4 |   14859 |    1458 |   8.9 |      43 |       3 |   6.5
     Lair:5 |    7794 |    7730 |  49.8 |      30 |      21 |  41.2
     Lair:6 |    9156 |    8949 |  49.4 |      32 |      42 |  56.8
    Swamp:1 |    9789 |       0 |   0.0 |      25 |       0 |   0.0
    Swamp:2 |    9283 |       0 |   0.0 |      32 |       0 |   0.0
    Swamp:3 |   11991 |       0 |   0.0 |      26 |       0 |   0.0
    Swamp:4 |    9704 |    3885 |  28.6 |      28 |      12 |  30.0
      Orc:1 |    6268 |     168 |   2.6 |      45 |       6 |  11.8
      Orc:2 |    1022 |    5543 |  84.4 |      26 |      40 |  60.6
            +---------+---------+-------+---------+---------+-------
